Map: Odyssey LE

Players

Castillo

  • Race: Terran Terran
  • League: Diamond
  • Spawn Location: 11:00

Seto - Winner!

  • Race: Zerg Zerg
  • League: Gold
  • Spawn Location: 5:00

VOD

Have the link to the VOD?

Description

Time

  • Played on: Jan. 21, 2018, 7:35 p.m.
  • Length: 11:47
Show
View Real Time Build Order
Export as new Build Order

Castillo Terran 

Build Orders: Hellion Opening 

Get SALT Encoding   

  12  0:01  SCV  
  13  0:13  SCV  
  14  0:18  Supply Depot  
  14  0:25  SCV  
  15  0:40  SCV  
  15  0:41  Barracks  
  16  0:47  Refinery  
  16  0:52  SCV  
  17  1:04  SCV  
  18  1:16  SCV  
  19  1:28  Orbital Command  
  19  1:29  Marine  
  19  1:30  Supply Depot  
  20  1:38  Supply Depot  
  20  1:47  Marine  
  21  1:54  Factory  
  21  1:55  SCV  
  22  2:07  SCV  
  22  2:08  Barracks Reactor  
  23  2:19  SCV  
  24  2:31  SCV  
  25  2:38  Command Center  
  25  2:43  SCV  
  26  2:46  Supply Depot  
  26  2:53  Hellion x2  
  26  2:55  SCV  
  31  3:03  Bunker  
  31  3:05  Supply Depot  
  31  3:07  SCV  
  32  3:15  Hellion x2  
  36  3:22  SCV  
  36  3:23  Armory  
  38  3:34  SCV  
  38  3:37  Hellion x2  
  42  3:46  SCV  
  43  3:50  Orbital Command  
  43  3:59  Hellion x2  
  43  4:00  SCV  
  48  4:11  Terran Vehicle Weapons Level 1  
  48  4:12  SCV  
  49  4:20  Widow Mine x2  
  53  4:41  Hellion x2  
  49  5:03  Hellion x2, SCV  
  54  5:10  Command Center  
  54  5:11  Command Center  
  44  5:24  Hellion x2  
  48  5:41  SCV  
  47  5:43  Refinery  
  47  5:44  Refinery  
  47  5:45  Hellion  
  47  5:46  Hellion  
  47  5:47  Refinery  
  45  5:57  SCV  
  45  5:58  SCV  
  45  6:07  Hellion x2  
  45  6:10  SCV x2  
  49  6:19  Terran Vehicle Weapons Level 2  
  49  6:22  Orbital Command x2, SCV  
  50  6:28  Hellion x2  
  50  6:30  Factory  
  50  6:33  Factory  
  50  6:38  SCV  
  52  6:40  SCV  
  52  6:50  Supply Depot x2, Hellion x2, SCV x2  
  52  6:51  SCV  
  52  6:52  SCV  
  50  7:02  SCV  
  50  7:06  SCV x3  
  47  7:11  Hellion x2  
  47  7:14  SCV  
  52  7:18  SCV x3  
  59  7:25  Factory Tech Lab x2  
  59  7:27  SCV  
  56  7:30  SCV  
  56  7:32  Hellion x2  
  61  7:39  SCV x3  
  62  7:54  Hellion, SCV x2  
  66  8:00  Orbital Command  
  66  8:01  Siege Tank x2  
  72  8:06  Factory  
  72  8:07  Factory  
  72  8:08  Supply Depot  
  72  8:09  Supply Depot  
  72  8:13  Supply Depot  
  72  8:15  Supply Depot  
  72  8:20  Hellion x2  
  72  8:25  Infernal Pre-Igniter, Smart Servos  
  68  8:57  Siege Tank x2  
  68  8:59  Factory Tech Lab x2  
  68  9:01  Hellion x2  
  78  9:03  SCV  
  78  9:06  SCV x2  
  78  9:07  SCV  
  82  9:16  SCV  
  83  9:22  Hellion x2  
  87  9:28  Engineering Bay  
  87  9:29  Siege Tank x2  
  87  9:30  Siege Tank x2  
  87  9:31  SCV x2  
  101  9:38  Refinery  
  101  9:39  Refinery  
  101  9:46  Orbital Command  
  83  10:10  Hellion  
  83  10:13  SCV  
  86  10:14  SCV x2  
  86  10:15  SCV  
  86  10:21  Siege Tank x4  
  98  10:22  Hellion  
  98  10:25  SCV  
  98  10:26  Missile Turret, SCV  
  98  10:27  SCV  
  106  10:31  Hellion  
  102  10:43  Hellion  
  100  10:52  Hellion  
  100  10:53  Hellion x2, Thor x2  
Show
View Real Time Build Order
Export as new Build Order

Seto Zerg - Winner!

Build Orders: Hatch First, Zergling Baneling 

Get SALT Encoding   

  12  0:01  Drone  
  13  0:13  Overlord  
  13  0:17  Drone  
  14  0:31  Drone x2  
  14  0:35  Drone  
  17  0:53  Hatchery  
  16  0:58  Drone  
  16  1:00  Drone  
  16  1:02  Extractor  
  17  1:17  Spawning Pool  
  16  1:22  Drone  
  16  1:24  Drone  
  18  1:29  Drone  
  19  1:41  Overlord  
  19  2:04  Queen  
  19  2:05  Metabolic Boost  
  19  2:06  Queen  
  19  2:08  Zergling x2  
  24  2:11  Zergling x2  
  25  2:15  Zergling x2  
  25  2:21  Drone  
  25  2:22  Drone  
  28  2:38  Overlord  
  28  2:42  Queen  
  30  2:59  Hatchery  
  30  3:04  Drone  
  30  3:05  Drone  
  31  3:06  Drone  
  32  3:14  Baneling Nest  
  32  3:17  Drone  
  32  3:18  Drone  
  33  3:22  Drone  
  34  3:32  Queen  
  35  3:36  Overlord  
  35  3:40  Drone  
  36  3:43  Drone x2  
  38  3:53  Drone x4  
  42  3:59  Drone x2  
  42  4:00  Drone  
  45  4:08  Queen  
  47  4:13  Zergling x2  
  47  4:14  Zergling x6  
  51  4:31  Baneling x4  
  51  4:34  Baneling x4  
  49  4:43  Queen  
  47  4:48  Zergling x20  
  48  4:54  Queen  
  46  5:00  Drone  
  46  5:01  Drone x3  
  39  5:25  Zergling x4  
  39  5:26  Zergling x8  
  45  5:48  Zergling x6  
  45  5:49  Zergling x8  
  51  5:56  Overlord x3  
  51  6:04  Lair  
  51  6:06  Drone x6  
  52  6:15  Drone x3  
  55  6:26  Hatchery  
  52  6:34  Baneling x5  
  52  6:35  Baneling x6  
  52  6:38  Drone  
  52  6:39  Drone x9  
  62  6:44  Extractor  
  62  6:45  Extractor  
  62  6:46  Extractor  
  59  6:49  Drone x3  
  62  6:54  Drone x3  
  62  6:55  Queen  
  62  7:11  Spine Crawler  
  62  7:12  Zergling x18  
  70  7:17  Drone  
  70  7:18  Drone x3  
  74  7:23  Hydralisk Den  
  74  7:25  Drone x3  
  74  7:26  Evolution Chamber  
  75  7:31  Overseer  
  75  7:36  Baneling  
  75  7:37  Baneling x9  
  75  7:38  Zergling x2  
  75  7:39  Zergling x8  
  79  7:52  Hydralisk  
  79  7:53  Hydralisk  
  79  7:58  Drone x3  
  86  8:01  Drone  
  86  8:04  Overlord x5  
  87  8:18  Overlord x3  
  87  8:21  Queen  
  87  8:25  Hydralisk x4  
  87  8:26  Hydralisk x2  
  97  8:38  Zergling x2  
  97  8:40  Zergling x18  
  100  8:50  Hydralisk x5  
  109  8:57  Overseer  
  109  9:00  Queen  
  109  9:01  Hydralisk  
  109  9:02  Hydralisk  
  115  9:12  Zergling x2  
  115  9:13  Zergling x10  
  121  9:19  Zerg Melee Weapons Level 1  
  121  9:23  Infestation Pit  
  120  9:32  Zergling x2  
  120  9:33  Zergling x20  
  120  9:35  Queen  
  120  9:38  Baneling x5  
  133  9:46  Muscular Augments  
  133  9:47  Spine Crawler  
  133  9:48  Spine Crawler  
  133  9:52  Zergling x18  
  122  10:05  Hydralisk x4  
  124  10:15  Extractor x2  
  124  10:20  Drone  
  124  10:21  Drone x2  
  125  10:26  Hydralisk x5  
  135  10:30  Zergling x2, Overlord  
  135  10:31  Overlord x2  
  136  10:36  Drone x4  
  136  10:37  Drone x2  
  137  10:46  Drone  
  137  10:47  Drone x6  
  143  10:54  Drone x5  
  148  11:00  Baneling  
  148  11:01  Baneling x15  
  148  11:02  Baneling  
  149  11:04  Zergling x10  
  153  11:28  Zergling x28  
Tags
 
Add a new tag
Caveats
  • Supply blocks, unpowered buildings, or Contaminate may cause inaccurate times.
  • Supply counts are checked every 10 seconds.